[Event "SVK ECo-C Extraliga 2018-19"]
[Site "Slovakia"]
[Date "2019.02.16"]
[Round "5"]
[White "Karas, Marek"]
[Black "Bottyan, Peter"]
[Result "1-0"]
[ECO "A40"]
[WhiteElo "2261"]
[BlackElo "2194"]
[Annotator "NA"]
[PlyCount "67"]
[EventDate "2018.11.10"]
[EventType "team-tourn"]
[EventCountry "SVK"]
[SourceTitle "playchess.com"]
[Source "ChessBase"]
[SourceQuality "1"]
[WhiteTeam "Osuske"]
[BlackTeam "Komarno"]
[TimeControl "40/5400+30:1800+30"]

1. d4 g6 2. Nf3 Bg7 3. e4 c5 4. c3 cxd4 5. cxd4 Nc6 6. Nc3 d6 7. h3 Nf6 8. Be2 O-O 9. O-O d5 10. e5 Ne4 11. Be3 Nxc3 12. bxc3 Na5 13. Qc1 Re8 14. Bh6 Bh8 15. Qf4 Qc7 16. Qh4 f5 17. exf6 exf6 18. Rfe1 Bd7 19. Rac1 Nc4 20. Bf4 Qc6 21. Qg3 Bg7 22. h4 Re6 23. Bd3 Rxe1+ 24. Nxe1 Re8 25. Nc2 a5 26. Ne3 Nxe3 27. Bxe3 Re7 28. c4 Kh8 29. cxd5 Qxd5 30. Rc7 Bf8 31. Bc4 Qe4 32. Qd6 Rf7 33. Qb6 Kg7 34. Bxf7 1-0

[Event "SVK ECo-C Extraliga 2018-19"]
[Site "Slovakia"]
[Date "2019.02.16"]
[Round "5"]
[White "Veres, Andrej"]
[Black "Holtman, Teodor"]
[Result "0-1"]
[ECO "C04"]
[WhiteElo "2247"]
[BlackElo "2287"]
[Annotator "NA"]
[PlyCount "106"]
[EventDate "2018.11.10"]
[EventType "team-tourn"]
[EventCountry "SVK"]
[SourceTitle "playchess.com"]
[Source "ChessBase"]
[SourceQuality "1"]
[WhiteTeam "Dubnica"]
[BlackTeam "Snina"]
[TimeControl "40/5400+30:1800+30"]

1. e4 e6 2. d4 d5 3. Nd2 Nc6 4. Ngf3 Nf6 5. e5 Nd7 6. Be2 f6 7. exf6 Qxf6 8. Nf1 Bd6 9. Bg5 Qf7 10. Ne3 O-O 11. O-O b6 12. Bh4 Bb7 13. Ng5 Qf4 14. Nf3 Rae8 15. c3 Qh6 16. Bg3 g6 17. Re1 Nf6 18. Ne5 Ne4 19. N5g4 Qg7 20. Bxd6 cxd6 21. f3 Ng5 22. Qd2 Nf7 23. Bb5 a6 24. Ba4 Rd8 25. Re2 h5 26. Nf2 Nh6 27. Rae1 Nf7 28. Bc2 Bc8 29. Nd3 Nh6 30. Nf1 Nf5 31. Qg5 Qf6 32. Qxf6 Rxf6 33. Ng3 Ng7 34. f4 a5 35. Nf1 Ba6 36. g3 Rc8 37. Nd2 Nxd4 38. cxd4 Rxc2 39. Ne4 dxe4 40. Rxc2 Bxd3 41. Rc6 Nf5 42. Rxb6 Nxd4 43. Rd1 d5 44. b4 axb4 45. Rxb4 e5 46. fxe5 Nf3+ 47. Kg2 Nxe5 48. Rd4 Ng4 49. R1xd3 exd3 50. Rxd3 Rf2+ 51. Kg1 Rxh2 52. Rxd5 Rxa2 53. Rd4 Kg7 0-1

[Event "SVK ECo-C Extraliga 2018-19"]
[Site "Slovakia"]
[Date "2019.02.16"]
[Round "5"]
[White "Molnar, Erno"]
[Black "Jablonicky, Martin"]
[Result "1/2-1/2"]
[ECO "B94"]
[WhiteElo "2245"]
[BlackElo "2308"]
[Annotator "NA"]
[PlyCount "63"]
[EventDate "2018.11.10"]
[EventType "team-tourn"]
[EventCountry "SVK"]
[SourceTitle "playchess.com"]
[Source "ChessBase"]
[SourceQuality "1"]
[WhiteTeam "Komarno"]
[BlackTeam "Osuske"]
[TimeControl "40/5400+30:1800+30"]

1. e4 c5 2. Nf3 d6 3. d4 cxd4 4. Nxd4 Nf6 5. Nc3 a6 6. Bg5 Nbd7 7. Bc4 e6 8. O-O Qa5 9. Qd2 Be7 10. Rae1 h6 11. Bh4 O-O 12. Re2 Kh8 13. Kh1 Nc5 14. Nb3 Nxb3 15. Bxb3 d5 16. exd5 Nxd5 17. Bxe7 Nxe7 18. Ne4 Qc7 19. Qd6 Qxd6 20. Nxd6 Kg8 21. Rd1 Rd8 22. Red2 Kf8 23. Kg1 b6 24. c3 a5 25. Kf1 Ba6+ 26. Ke1 Nc8 27. a4 Nxd6 28. Rxd6 Rxd6 29. Rxd6 Rb8 30. Rc6 Ke8 31. Rc7 Rb7 32. Rxb7 1/2-1/2

[Event "SVK ECo-C Extraliga 2018-19"]
[Site "Slovakia"]
[Date "2019.02.16"]
[Round "5"]
[White "Sepesi, Samuel"]
[Black "Bombek, Peter"]
[Result "1/2-1/2"]
[ECO "C03"]
[WhiteElo "2189"]
[BlackElo "2184"]
[Annotator "NA"]
[PlyCount "60"]
[EventDate "2018.11.10"]
[EventType "team-tourn"]
[EventCountry "SVK"]
[SourceTitle "playchess.com"]
[Source "ChessBase"]
[SourceQuality "1"]
[WhiteTeam "Snina"]
[BlackTeam "Dubnica"]
[TimeControl "40/5400+30:1800+30"]

1. e4 e6 2. d4 d5 3. Nd2 a6 4. Ngf3 c5 5. dxc5 Bxc5 6. Bd3 Nf6 7. Qe2 Nc6 8. O-O Qc7 9. e5 Ng4 10. Nb3 Ba7 11. Bf4 f6 12. Rae1 Bb8 13. c4 dxc4 14. Bxc4 Ngxe5 15. Nxe5 Nxe5 16. Bxe5 Qxe5 17. f4 Qxe2 18. Rxe2 e5 19. fxe5 Bxe5 20. Nc5 Bg4 21. Re4 Bd7 22. Bd5 Bc6 23. Bxc6+ bxc6 24. Nd3 O-O-O 25. Nxe5 fxe5 26. Rxe5 Rd2 27. Rf7 Rhd8 28. h4 R8d7 29. Re8+ Kc7 30. Ree7 Rxe7 1/2-1/2

[Event "SVK ECo-C Extraliga 2018-19"]
[Site "Slovakia"]
[Date "2019.02.16"]
[Round "5"]
[White "Gasa, Patrik"]
[Black "Joba, Arpad"]
[Result "1/2-1/2"]
[ECO "E66"]
[WhiteElo "2186"]
[BlackElo "2009"]
[Annotator "NA"]
[PlyCount "56"]
[EventDate "2018.11.10"]
[EventType "team-tourn"]
[EventCountry "SVK"]
[SourceTitle "playchess.com"]
[Source "ChessBase"]
[SourceQuality "1"]
[WhiteTeam "Osuske"]
[BlackTeam "Komarno"]
[TimeControl "40/5400+30:1800+30"]

1. Nf3 Nf6 2. c4 g6 3. g3 Bg7 4. Bg2 O-O 5. O-O d6 6. d4 c5 7. Nc3 Nc6 8. d5 Na5 9. Qd3 a6 10. Nd2 Ng4 11. e4 b5 12. cxb5 axb5 13. Nxb5 Ba6 14. a4 Qb6 15. Rb1 Ne5 16. Qe2 Bxb5 17. Qxb5 Qxb5 18. axb5 Nd3 19. Bf3 Rfb8 20. Be2 Nb4 21. Nc4 Nb3 22. Be3 Nc2 23. Bd3 Nb4 24. Be2 Nc2 25. b6 Nxe3 26. fxe3 Ra4 27. Rfd1 Rb4 28. Kf2 Bf6 1/2-1/2

[Event "SVK ECo-C Extraliga 2018-19"]
[Site "Slovakia"]
[Date "2019.02.16"]
[Round "5"]
[White "Voros, Gellert"]
[Black "Jozefek, Michal"]
[Result "1/2-1/2"]
[ECO "B22"]
[WhiteElo "2154"]
[BlackElo "2201"]
[Annotator "NA"]
[PlyCount "41"]
[EventDate "2018.11.10"]
[EventType "team-tourn"]
[EventCountry "SVK"]
[SourceTitle "playchess.com"]
[Source "ChessBase"]
[SourceQuality "1"]
[WhiteTeam "Komarno"]
[BlackTeam "Osuske"]
[TimeControl "40/5400+30:1800+30"]

1. e4 c5 2. c3 Nf6 3. e5 Nd5 4. d4 cxd4 5. Nf3 Nc6 6. Bc4 Nb6 7. Bb3 d6 8. exd6 Qxd6 9. O-O Bf5 10. Nxd4 Nxd4 11. cxd4 e6 12. Nc3 Be7 13. Qf3 Qd7 14. d5 exd5 15. Nxd5 Nxd5 16. Bxd5 O-O 17. Bxb7 Bg4 18. Qc6 Qxc6 19. Bxc6 Rac8 20. Ba4 Bf6 21. Be3 1/2-1/2

[Event "SVK ECo-C Extraliga 2018-19"]
[Site "Slovakia"]
[Date "2019.02.16"]
[Round "5"]
[White "Magat, Jozef"]
[Black "Jacko, Vladimir"]
[Result "0-1"]
[ECO "A45"]
[WhiteElo "2108"]
[BlackElo "2326"]
[Annotator "NA"]
[PlyCount "124"]
[EventDate "2018.11.10"]
[EventType "team-tourn"]
[EventCountry "SVK"]
[SourceTitle "playchess.com"]
[Source "ChessBase"]
[SourceQuality "1"]
[WhiteTeam "Dunajov"]
[BlackTeam "Prakovce"]
[TimeControl "40/5400+30:1800+30"]

1. d4 Nf6 2. Bg5 g6 3. Nc3 Bg7 4. Nf3 h6 5. Bf4 d6 6. h3 Nbd7 7. e3 O-O 8. Bc4 c6 9. a4 Kh8 10. O-O Qe8 11. Bh2 a5 12. Ne2 e5 13. dxe5 Nxe5 14. Nxe5 dxe5 15. Nc3 Qe7 16. Qe2 Nd7 17. e4 Qb4 18. Bb3 Nc5 19. Ra3 Be6 20. Na2 Qb6 21. Bxe6 Nxe6 22. Rb3 Qa7 23. Rc3 Rfd8 24. Rd1 Qb6 25. b3 Nd4 26. Qe1 g5 27. Nc1 Qb4 28. Kh1 f6 29. Nd3 Qb6 30. Bg1 Bf8 31. f3 c5 32. Nb2 Qe6 33. Qf2 Rd7 34. Nc4 h5 35. Ne3 Rh7 36. Bh2 b6 37. Rcd3 Re8 38. c4 Bh6 39. Kg1 Rg8 40. Kf1 g4 41. fxg4 Bxe3 42. Rxe3 hxg4 43. Rdd3 Rg5 44. Ke1 Kg8 45. h4 Rgh5 46. Bg3 f5 47. exf5 Rxf5 48. Qd2 Rhf7 49. Rxd4 cxd4 50. Qxd4 exd4 51. Rxe6 Rf1+ 52. Ke2 Rg1 53. Rg6+ Kh7 54. Rxg4 Rxg2+ 55. Kd3 Rf3+ 56. Kxd4 Rgxg3 57. Re4 Rd3+ 58. Ke5 Rge3 59. c5 bxc5 60. Rxe3 Rxe3+ 61. Kd5 Rxb3 62. Kxc5 Kh6 0-1

[Event "SVK ECo-C Extraliga 2018-19"]
[Site "Slovakia"]
[Date "2019.02.16"]
[Round "5"]
[White "Kovacik, Emil"]
[Black "Pcola, Jaroslav"]
[Result "1-0"]
[ECO "B34"]
[WhiteElo "2073"]
[BlackElo "2103"]
[Annotator "NA"]
[PlyCount "37"]
[EventDate "2018.11.10"]
[EventType "team-tourn"]
[EventCountry "SVK"]
[SourceTitle "playchess.com"]
[Source "ChessBase"]
[SourceQuality "1"]
[WhiteTeam "Dubnica"]
[BlackTeam "Snina"]
[TimeControl "40/5400+30:1800+30"]

1. e4 c5 2. Nf3 Nc6 3. d4 cxd4 4. Nxd4 g6 5. Nc3 Bg7 6. Be3 Nf6 7. Nxc6 bxc6 8. e5 Ng8 9. Bd4 Nh6 10. e6 f6 11. exd7+ Qxd7 12. Bc4 Nf7 13. Bc5 Qf5 14. Qd4 O-O 15. O-O-O e5 16. Qd3 Re8 17. Qxf5 Bxf5 18. Rd6 Kh8 19. Bxf7 1-0

[Event "SVK ECo-C Extraliga 2018-19"]
[Site "Slovakia"]
[Date "2019.02.16"]
[Round "5.2"]
[White "Petenyi, Tamas"]
[Black "Repka, Christopher"]
[Result "1/2-1/2"]
[ECO "C77"]
[WhiteElo "2427"]
[BlackElo "2481"]
[Annotator "ChessBase"]
[PlyCount "81"]
[EventDate "2018.11.10"]
[EventType "team-tourn"]
[EventCountry "SVK"]
[SourceTitle "playchess.com"]
[Source "ChessBase"]
[SourceQuality "1"]
[WhiteTeam "Streda"]
[BlackTeam "Zilina"]
[TimeControl "40/5400+30:1800+30"]

1. e4 e5 2. Nf3 Nc6 3. Bb5 a6 4. Ba4 Nf6 5. d3 d6 6. c3 Be7 7. Nbd2 O-O 8. O-O Bg4 9. Re1 Nd7 10. h3 Bh5 11. Nf1 Nc5 12. Bxc6 bxc6 13. Ng3 Bg6 14. d4 exd4 15. Nxd4 Qd7 16. Qf3 d5 17. exd5 cxd5 18. Ndf5 Bf6 19. Nh6+ Kh8 20. Ng4 Bh4 21. Ne5 Qe6 22. Nxg6+ Qxg6 23. Nf5 Bf6 24. Qxd5 Na4 25. Ng3 Rab8 26. Qc6 Nxb2 27. Bxb2 Rxb2 28. Re8 Rb1+ 29. Rxb1 Qxb1+ 30. Kh2 Kg8 31. Rxf8+ Kxf8 32. Qxc7 g6 33. Qc8+ Kg7 34. Qxa6 Bxc3 35. Qc4 Qc1 36. a4 h5 37. h4 Qe1 38. Qe2 Qa1 39. Ne4 Be5+ 40. g3 Qxa4 41. Kg2 1/2-1/2

[Event "SVK ECo-C Extraliga 2018-19"]
[Site "Slovakia"]
[Date "2019.02.16"]
[Round "5.3"]
[White "Kociscak, Jiri"]
[Black "Nemeth, Miklos"]
[Result "0-1"]
[ECO "A40"]
[WhiteElo "2501"]
[BlackElo "2484"]
[Annotator "ChessBase"]
[PlyCount "108"]
[EventDate "2018.11.10"]
[EventType "team-tourn"]
[EventCountry "SVK"]
[SourceTitle "playchess.com"]
[Source "ChessBase"]
[SourceQuality "1"]
[WhiteTeam "Zilina"]
[BlackTeam "Streda"]
[TimeControl "40/5400+30:1800+30"]

1. d4 Nf6 2. c4 e6 3. g3 d5 4. Nf3 Bb4+ 5. Bd2 Be7 6. Bg2 O-O 7. O-O c6 8. Qc2 Nbd7 9. Bf4 b6 10. Ne5 Nxe5 11. dxe5 Nd7 12. Rd1 g5 13. Be3 Nxe5 14. cxd5 cxd5 15. Bd4 Ng6 16. Bc3 Qc7 17. e4 dxe4 18. Qxe4 Rb8 19. Qe3 e5 20. Nd2 Bg4 21. Nf3 f6 22. h3 Bc5 23. Qe2 Be6 24. Nh2 Rbd8 25. Ng4 Kg7 26. Be4 Rxd1+ 27. Rxd1 Rd8 28. Rc1 Qf7 29. a3 Bd4 30. Bxd4 exd4 31. Bd3 Bxg4 32. hxg4 Ne5 33. Rd1 Qd5 34. Be4 Qb3 35. Bd3 Re8 36. Rd2 Qd5 37. Be4 Qd6 38. Kg2 Rd8 39. Bd3 Qc6+ 40. Be4 Qd7 41. Bf5 Qd5+ 42. Be4 Qc4 43. Bd3 Qc5 44. Rd1 Rd7 45. b4 Qd5+ 46. Be4 Qb3 47. Rh1 h6 48. Bf5 Qd5+ 49. Be4 d3 50. Qe3 Qd4 51. Bf5 Qxe3 52. fxe3 Rc7 53. Rd1 Rc3 54. a4 Kf8 0-1

[Event "SVK ECo-C Extraliga 2018-19"]
[Site "Slovakia"]
[Date "2019.02.16"]
[Round "5.4"]
[White "Ftacnik, Lubomir"]
[Black "Haring, Filip"]
[Result "1-0"]
[ECO "A15"]
[WhiteElo "2500"]
[BlackElo "2286"]
[Annotator "ChessBase"]
[PlyCount "95"]
[EventDate "2018.11.10"]
[EventType "team-tourn"]
[EventCountry "SVK"]
[SourceTitle "playchess.com"]
[Source "ChessBase"]
[SourceQuality "1"]
[WhiteTeam "Slovan"]
[BlackTeam "Liptovska"]
[TimeControl "40/5400+30:1800+30"]

1. c4 Nf6 2. Nf3 e6 3. g3 b6 4. Bg2 Bb7 5. O-O Be7 6. d4 O-O 7. Re1 c5 8. d5 exd5 9. Nh4 g6 10. cxd5 d6 11. Nc3 Re8 12. e4 Bf8 13. Bg5 Bg7 14. Qd2 Nbd7 15. Nf3 a6 16. Qf4 Ne5 17. Nxe5 Rxe5 18. a4 Bc8 19. h4 Bd7 20. Bf1 Qe7 21. Qd2 Qf8 22. f3 Nh5 23. g4 h6 24. Be3 Qd8 25. gxh5 Qxh4 26. Qh2 Qe7 27. hxg6 fxg6 28. Re2 Rf8 29. Qg3 Kh7 30. Rh2 Rh5 31. Bg2 Bf6 32. Rxh5 gxh5 33. Rd1 Rg8 34. Qh2 h4 35. Kh1 Qf7 36. Rf1 Rg3 37. Ne2 Rg8 38. f4 Qe7 39. f5 Be5 40. Bf4 Bxb2 41. Bxd6 Qg5 42. Bf4 Qf6 43. e5 Qxf5 44. Qxh4 Qg6 45. Bf3 Bd4 46. Ng3 Kh8 47. Be4 Qg7 48. Bxh6 1-0

[Event "SVK ECo-C Extraliga 2018-19"]
[Site "Slovakia"]
[Date "2019.02.16"]
[Round "5.4"]
[White "Bokros, Albert"]
[Black "Petrik, Tomas"]
[Result "1/2-1/2"]
[ECO "C00"]
[WhiteElo "2458"]
[BlackElo "2469"]
[Annotator "ChessBase"]
[PlyCount "55"]
[EventDate "2018.11.10"]
[EventType "team-tourn"]
[EventCountry "SVK"]
[SourceTitle "playchess.com"]
[Source "ChessBase"]
[SourceQuality "1"]
[WhiteTeam "Streda"]
[BlackTeam "Zilina"]
[TimeControl "40/5400+30:1800+30"]

1. e4 e6 2. d4 d5 3. Bd3 dxe4 4. Bxe4 Nf6 5. Bf3 c5 6. Ne2 Nc6 7. Be3 cxd4 8. Nxd4 Ne5 9. O-O Be7 10. Nc3 O-O 11. Qe2 a6 12. Rad1 Qc7 13. Bg5 Nxf3+ 14. Qxf3 Re8 15. Rfe1 Bd7 16. Ne4 Nxe4 17. Bxe7 Rxe7 18. Qxe4 Ree8 19. Re3 e5 20. Nf5 Rad8 21. h3 Bxf5 22. Rxd8 Rxd8 23. Qxf5 f6 24. Rc3 Qd7 25. Qe4 Qf7 26. a3 h6 27. Rd3 Rxd3 28. Qxd3 1/2-1/2

[Event "SVK ECo-C Extraliga 2018-19"]
[Site "Slovakia"]
[Date "2019.02.16"]
[Round "5.5"]
[White "Likavsky, Tomas"]
[Black "Maslik, Miroslav"]
[Result "0-1"]
[ECO "E01"]
[WhiteElo "2428"]
[BlackElo "2361"]
[Annotator "NA"]
[PlyCount "81"]
[EventDate "2018.11.10"]
[EventType "team-tourn"]
[EventCountry "SVK"]
[SourceTitle "playchess.com"]
[Source "ChessBase"]
[SourceQuality "1"]
[WhiteTeam "Podhajska"]
[BlackTeam "Modra"]
[TimeControl "40/5400+30:1800+30"]

1. c4 e6 2. d4 Nf6 3. g3 d5 4. Bg2 Nbd7 5. Nf3 Bb4+ 6. Nbd2 O-O 7. O-O c6 8. Qc2 b6 9. e4 Bb7 10. e5 Ne8 11. cxd5 cxd5 12. Re1 Nb8 13. a3 Be7 14. b4 Ba6 15. Qb1 Nc7 16. a4 Bb7 17. Nf1 Nc6 18. Bd2 b5 19. Ne3 a5 20. bxa5 b4 21. Nc2 Ba6 22. Nxb4 Bxb4 23. Bxb4 Rb8 24. Bxf8 Rxb1 25. Raxb1 Kxf8 26. Rb6 Nxa5 27. Reb1 Qd7 28. Rb8+ Ke7 29. Rg8 Ne8 30. Rb8 Bc8 31. Bf1 Nc4 32. Ne1 Qc7 33. Rb4 Nd2 34. Bb5 Bd7 35. Bxd7 Kxd7 36. Nd3 Qc3 37. Nc5+ Kc6 38. Rb1 Nxb1 39. Rxe8 Qe1+ 40. Kg2 Nd2 41. Rf8 0-1

[Event "SVK ECo-C Extraliga 2018-19"]
[Site "Slovakia"]
[Date "2019.02.16"]
[Round "5.5"]
[White "Haring, Viktor"]
[Black "Pacher, Milan"]
[Result "1-0"]
[ECO "B33"]
[WhiteElo "2278"]
[BlackElo "2439"]
[Annotator "NA"]
[PlyCount "95"]
[EventDate "2018.11.10"]
[EventType "team-tourn"]
[EventCountry "SVK"]
[SourceTitle "playchess.com"]
[Source "ChessBase"]
[SourceQuality "1"]
[WhiteTeam "Liptovska"]
[BlackTeam "Slovan"]
[TimeControl "40/5400+30:1800+30"]

1. e4 c5 2. Nf3 Nc6 3. d4 cxd4 4. Nxd4 Nf6 5. Nc3 e5 6. Ndb5 d6 7. Bg5 a6 8. Na3 b5 9. Nd5 Be7 10. Bxf6 Bxf6 11. c3 Bg5 12. Nc2 Ne7 13. h4 Bh6 14. Ncb4 O-O 15. Nxe7+ Qxe7 16. Nd5 Qb7 17. Qb3 Be6 18. Rd1 Rac8 19. Be2 Rc5 20. O-O f5 21. Bf3 fxe4 22. Bxe4 Qf7 23. Rd3 Kh8 24. Qd1 Rc4 25. Qe2 Rxe4 26. Qxe4 Bf5 27. Qe2 Bxd3 28. Qxd3 g6 29. Qe4 Rc8 30. g3 Rc4 31. Qg2 e4 32. Ne3 Bxe3 33. fxe3 Qe6 34. Qf2 Rc8 35. Qf6+ Qxf6 36. Rxf6 b4 37. cxb4 Rc1+ 38. Kg2 Ra1 39. a3 Rb1 40. Rxd6 Rxb2+ 41. Kh3 Rb3 42. Rxa6 Rxe3 43. a4 Re1 44. b5 Kg7 45. b6 Rb1 46. Kg4 Rf1 47. Ra7+ Kf6 48. Rxh7 1-0

[Event "SVK ECo-C Extraliga 2018-19"]
[Site "Slovakia"]
[Date "2019.02.16"]
[Round "5.6"]
[White "Bures, Jaroslav"]
[Black "Tropp, Oliver"]
[Result "1-0"]
[ECO "D45"]
[WhiteElo "2395"]
[BlackElo "2169"]
[Annotator "NA"]
[PlyCount "129"]
[EventDate "2018.11.10"]
[EventType "team-tourn"]
[EventCountry "SVK"]
[SourceTitle "playchess.com"]
[Source "ChessBase"]
[SourceQuality "1"]
[WhiteTeam "Slovan"]
[BlackTeam "Liptovska"]
[TimeControl "40/5400+30:1800+30"]

1. d4 d5 2. c4 c6 3. Nf3 Nf6 4. Nc3 e6 5. e3 Be7 6. b3 O-O 7. Bb2 Qa5 8. a3 Nbd7 9. Be2 dxc4 10. bxc4 e5 11. O-O exd4 12. exd4 Nb6 13. h3 Be6 14. Qb3 Rad8 15. Rfd1 Rfe8 16. Bc1 h6 17. Bd2 Qf5 18. a4 c5 19. Nb5 cxd4 20. Nbxd4 Qc5 21. Nxe6 fxe6 22. a5 Nc8 23. Qxb7 Nd6 24. Qa6 Qc8 25. Qxc8 Rxc8 26. Be3 Nxc4 27. Bxa7 Nd5 28. a6 Nc3 29. Re1 Bf6 30. Bd4 Nxe2+ 31. Rxe2 e5 32. a7 Ra8 33. Ra4 exd4 34. Rxe8+ Rxe8 35. a8=Q Rxa8 36. Rxa8+ Kf7 37. Ne1 Nb2 38. Ra3 Ke6 39. Kf1 Kd5 40. Ke2 Nc4 41. Ra7 Nd6 42. Ra5+ Kc4 43. Nd3 Ne4 44. Ra7 Nc3+ 45. Kd2 Nd5 46. Kc2 h5 47. Ra4+ Kb5 48. Kb3 h4 49. Ra8 Nb6 50. Rf8 Nd7 51. Rc8 Nb6 52. Rc5+ Ka6 53. Nb4+ Kb7 54. Rb5 Kc7 55. Kc2 Nd7 56. Kd3 Kd6 57. Rd5+ Ke6 58. f4 g6 59. Rb5 Kd6 60. Kc4 Bh8 61. Rg5 Nf8 62. Nc2 Ne6 63. Rxg6 Ke7 64. Rg4 Bf6 65. f5 1-0

[Event "SVK ECo-C Extraliga 2018-19"]
[Site "Slovakia"]
[Date "2019.02.16"]
[Round "5.6"]
[White "Schwarz, Dusan"]
[Black "Chovan, Milan"]
[Result "0-1"]
[ECO "A45"]
[WhiteElo "2330"]
[BlackElo "2336"]
[Annotator "NA"]
[PlyCount "56"]
[EventDate "2018.11.10"]
[EventType "team-tourn"]
[EventCountry "SVK"]
[SourceTitle "playchess.com"]
[Source "ChessBase"]
[SourceQuality "1"]
[WhiteTeam "Modra"]
[BlackTeam "Podhajska"]
[TimeControl "40/5400+30:1800+30"]

1. d4 Nf6 2. Bg5 c5 3. d5 Ne4 4. Bf4 Qb6 5. Nd2 Qxb2 6. Nxe4 Qb4+ 7. Qd2 Qxe4 8. e3 g5 9. Bg3 Bg7 10. Rc1 d6 11. Nf3 Qg6 12. Bb5+ Bd7 13. Rb1 Bxb5 14. Rxb5 b6 15. O-O Nd7 16. c4 Nf6 17. Rb3 Ne4 18. Qe2 O-O 19. Ne1 e6 20. dxe6 fxe6 21. f3 Nxg3 22. hxg3 d5 23. Nc2 Rad8 24. cxd5 exd5 25. Rd3 Rd6 26. e4 d4 27. e5 Bxe5 28. Qxe5 Re8 0-1

[Event "SVK ECo-C Extraliga 2018-19"]
[Site "Slovakia"]
[Date "2019.02.16"]
[Round "5.7"]
[White "Zvarik, Martin"]
[Black "Czebe, Attila"]
[Result "0-1"]
[ECO "A49"]
[WhiteElo "2311"]
[BlackElo "2392"]
[Annotator "NA"]
[PlyCount "106"]
[EventDate "2018.11.10"]
[EventType "team-tourn"]
[EventCountry "SVK"]
[SourceTitle "playchess.com"]
[Source "ChessBase"]
[SourceQuality "1"]
[WhiteTeam "Zilina"]
[BlackTeam "Streda"]
[TimeControl "40/5400+30:1800+30"]

1. d4 Nf6 2. Nf3 g6 3. g3 Bg7 4. Bg2 b6 5. Ne5 c6 6. c4 Bb7 7. Nc3 O-O 8. O-O Ne8 9. e3 Nd6 10. b3 Na6 11. Bb2 c5 12. Bxb7 Nxb7 13. Qg4 Na5 14. Rad1 d6 15. Nf3 Qc8 16. Qe4 Qb7 17. Qxb7 Nxb7 18. Rd2 Nc7 19. Kg2 Rfb8 20. Rfd1 Nd8 21. h4 Nc6 22. h5 cxd4 23. exd4 b5 24. hxg6 hxg6 25. c5 d5 26. Rh1 b4 27. Nd1 f6 28. Ne3 Kf7 29. Re2 Rh8 30. Ra1 e6 31. a3 bxa3 32. Rxa3 Rab8 33. Nc2 Rb7 34. Bc1 a5 35. Bd2 Rb5 36. Bf4 Rb7 37. Bd2 g5 38. Bxa5 g4 39. Nd2 Nb5 40. Ra4 f5 41. Re3 Rc8 42. Bc3 Bh6 43. Bb2 Bxe3 44. fxe3 Ra7 45. Rxa7+ Nbxa7 46. Ne1 Nb4 47. Kf2 Nb5 48. Ke2 Rh8 49. Nf1 Ra8 50. Kd2 Rh8 51. Ke2 Ke7 52. Nd3 Nxd3 53. Kxd3 Kd7 0-1

[Event "SVK ECo-C Extraliga 2018-19"]
[Site "Slovakia"]
[Date "2019.02.16"]
[Round "5.7"]
[White "Gazik, Igor"]
[Black "Banas, Kamil"]
[Result "1/2-1/2"]
[ECO "C42"]
[WhiteElo "2249"]
[BlackElo "2245"]
[Annotator "NA"]
[PlyCount "44"]
[EventDate "2018.11.10"]
[EventType "team-tourn"]
[EventCountry "SVK"]
[SourceTitle "playchess.com"]
[Source "ChessBase"]
[SourceQuality "1"]
[WhiteTeam "Podhajska"]
[BlackTeam "Modra"]
[TimeControl "40/5400+30:1800+30"]

1. e4 e5 2. Nf3 Nf6 3. Nxe5 d6 4. Nf3 Nxe4 5. d4 d5 6. Bd3 Nc6 7. O-O Be7 8. c4 Nb4 9. Be2 Bf5 10. a3 Nc6 11. Nc3 Nxc3 12. bxc3 O-O 13. Re1 Re8 14. Bf4 Rc8 15. Qa4 a6 16. cxd5 Qxd5 17. Bf1 Qd7 18. Bg3 Bd6 19. Nh4 Bxg3 20. hxg3 Rxe1 21. Rxe1 Be6 22. Bd3 Ne5 1/2-1/2

[Event "SVK ECo-C Extraliga 2018-19"]
[Site "Slovakia"]
[Date "2019.02.16"]
[Round "5.7"]
[White "Hros, Roman"]
[Black "Briestensky, Rastislav"]
[Result "0-1"]
[ECO "A16"]
[WhiteElo "2204"]
[BlackElo "2317"]
[Annotator "NA"]
[PlyCount "136"]
[EventDate "2018.11.10"]
[EventType "team-tourn"]
[EventCountry "SVK"]
[SourceTitle "playchess.com"]
[Source "ChessBase"]
[SourceQuality "1"]
[WhiteTeam "Liptovska"]
[BlackTeam "Slovan"]
[TimeControl "40/5400+30:1800+30"]

1. c4 Nf6 2. Nc3 e5 3. e3 Bb4 4. Nge2 O-O 5. a3 Be7 6. Ng3 d5 7. cxd5 Nxd5 8. Bc4 Nb6 9. Be2 c5 10. O-O Nc6 11. d3 Be6 12. b3 f5 13. Bd2 Qd7 14. Qc2 Rac8 15. Qb2 Na5 16. Bd1 Qxd3 17. Bc2 Qd7 18. Rad1 Nc6 19. e4 fxe4 20. Ncxe4 Nd4 21. f4 Nxc2 22. Qxc2 Qb5 23. fxe5 Qxb3 24. Qxb3 Bxb3 25. Rxf8+ Bxf8 26. Re1 Re8 27. Bc3 Nd5 28. Bb2 Nf4 29. Re3 Bd5 30. Rf3 Ne6 31. Rd3 Bc6 32. Nd6 Rd8 33. Rd2 g6 34. h4 Bh6 35. Rc2 Be3+ 36. Kh2 Bf4 37. Re2 Nd4 38. Re1 Bd5 39. h5 gxh5 40. Kh3 Bxg3 41. Kxg3 Rd7 42. Bxd4 cxd4 43. Rd1 Rg7+ 44. Kh3 Rg5 45. Rxd4 Rxe5 46. Kh2 Bc6 47. Nc4 Rg5 48. Rd2 Kf7 49. Re2 Kf6 50. g3 Rc5 51. Rf2+ Kg6 52. Rf4 b5 53. Ne3 Rc1 54. g4 h4 55. Nf1 Rc3 56. Rd4 Kg5 57. Rd6 Kxg4 58. Rd4+ Kg5 59. Rd6 a5 60. Rd4 Rxa3 61. Nd2 Rc3 62. Rd6 a4 63. Rd8 a3 64. Rc8 a2 65. Rd8 Rc1 66. Rg8+ Kh5 67. Nf3 Rc2+ 68. Kh3 Bd7+ 0-1

[Event "SVK ECo-C Extraliga 2018-19"]
[Site "Slovakia"]
[Date "2019.02.16"]
[Round "5.8"]
[White "Csonka, Attila Istvan"]
[Black "Kostelny, Jozef"]
[Result "1-0"]
[ECO "B00"]
[WhiteElo "2369"]
[BlackElo "2212"]
[Annotator "NA"]
[PlyCount "89"]
[EventDate "2018.11.10"]
[EventType "team-tourn"]
[EventCountry "SVK"]
[SourceTitle "playchess.com"]
[Source "ChessBase"]
[SourceQuality "1"]
[WhiteTeam "Streda"]
[BlackTeam "Zilina"]
[TimeControl "40/5400+30:1800+30"]

1. e4 c5 2. Nf3 Nc6 3. d4 cxd4 4. Nxd4 Nf6 5. Nc3 d6 6. Bc4 Qb6 7. Nxc6 bxc6 8. Qe2 e6 9. O-O Nd7 10. Rd1 Be7 11. Be3 Qc7 12. Bf4 O-O 13. Rd2 Rb8 14. Bb3 Nc5 15. Qh5 Nxb3 16. axb3 e5 17. Be3 Rb7 18. Rf1 f5 19. f4 g6 20. Qe2 fxe4 21. Nxe4 Rb4 22. Nf2 exf4 23. Bd4 f3 24. gxf3 c5 25. c3 Rb6 26. Re1 Bh4 27. Qe4 Bxf2+ 28. Bxf2 Qf7 29. b4 Bb7 30. Qe6 Rb5 31. Qxf7+ Rxf7 32. Rxd6 cxb4 33. Bd4 bxc3 34. Re8+ Rf8 35. Re7 Rc8 36. bxc3 Rd5 37. Rf6 Rb5 38. Rff7 Rg5+ 39. Kf2 Bd5 40. Rxh7 Rh5 41. Rhg7+ Kf8 42. Rxa7 Rxh2+ 43. Kg3 Rh6 44. Rgd7 Rh5 45. Bc5+ 1-0